[Event "ICC tourney 2062 (7 2)"]
[Site "Internet Chess Club"]
[Date "2020.10.16"]
[Round "1"]
[White "chessrex"]
[Black "Sirichess"]
[Result "1-0"]
[ICCResult "Black checkmated"]
[WhiteElo "1844"]
[BlackElo "1415"]
[Opening "Blackmar gambit"]
[ECO "D00"]
[NIC "QP.08"]
[Time "20:01:37"]
[TimeControl "420+2"]

1. d4 d5 2. e4 dxe4 3. Nc3 Nf6 4. f3 exf3 5. Nxf3 Bg4 6. h3 Bh5 7. g4 Bg6 8.
Ne5 e6 9. Qf3 c6 10. g5 Qxd4 11. Nxg6 hxg6 12. gxf6 gxf6 13. Be3 Qh4+ 14.
Bf2 Qg5 15. Rg1 Qe5+ 16. Qe4 Qc7 17. O-O-O Bd6 18. Qf3 f5 19. Bg3 Bxg3 20.
Rxg3 Nd7 21. Rg2 Nb6 22. Rgd2 Rc8 23. Kb1 Nd5 24. Nxd5 cxd5 25. Bb5+ Kf8 26.
Qa3+ Kg7 27. Rg2 a6 28. Bd3 Rh4 29. Rdg1 Rxh3 30. Qb4 Rh6 31. Qd4+ Kh7 32.
Qf6 Kg8 33. a3 Qd7 34. Qg5 Rh7 35. Qf6 Qc7 36. Rxg6+ fxg6 37. Rxg6+ Rg7 38.
Rxg7+ Qxg7 39. Qxe6+ Kh7 40. Bxf5+ Kh8 41. Qxc8+ Qg8 42. Qxg8+ Kxg8 43. Be6+
Kf8 44. Bxd5 b6 45. b4 Ke7 46. c4 Kd6 47. Kb2 a5 48. Kc3 axb4+ 49. axb4 Kc7
50. Kd4 Kd6 51. c5+ bxc5+ 52. bxc5+ Kc7 53. Kc4 Kc8 54. Kb5 Kb8 55. Kc6 Kc8
56. Kd6 Kd8 57. Be6 Ke8 58. c6 Kd8 59. c7+ Ke8 60. c8=Q# {Black checkmated}
1-0

[Event "ICC tourney 2062 (7 2)"]
[Site "Internet Chess Club"]
[Date "2020.10.16"]
[Round "1"]
[White "oxdidi"]
[Black "saikanth"]
[Result "0-1"]
[ICCResult "White checkmated"]
[WhiteElo "1132"]
[BlackElo "1516"]
[Opening "Caro-Kann: advance variation"]
[ECO "B12"]
[NIC "CK.04"]
[Time "20:01:43"]
[TimeControl "420+2"]

1. e4 c6 2. d4 d5 3. e5 Bf5 4. Nf3 e6 5. Nc3 a6 6. Bg5 Ne7 7. Be2 Nd7 8. Qd2
c5 9. O-O-O h6 10. Bh4 Qc7 11. Kb1 Nc6 12. Rhe1 Nb4 13. Bd3 Nxd3 14. cxd3 c4
15. Ka1 Bxd3 16. Qe3 Bh7 17. Rc1 Be7 18. Bxe7 Kxe7 19. Na4 b5 20. Nc3 Rhc8
21. Ne2 b4 22. b3 c3 23. Nf4 a5 24. h4 a4 25. bxa4 Rxa4 26. Qe2 Rca8 27.
Red1 Rxa2+ 28. Qxa2 Rxa2+ 29. Kxa2 Qa5+ 30. Kb3 Qa3# {White checkmated} 0-1

[Event "ICC tourney 2062 (7 2)"]
[Site "Internet Chess Club"]
[Date "2020.10.16"]
[Round "1"]
[White "wildrumpus"]
[Black "vrashank"]
[Result "0-1"]
[ICCResult "White resigns"]
[WhiteElo "1377"]
[BlackElo "1734"]
[Opening "Queen's pawn: stonewall attack"]
[ECO "D00"]
[NIC "QP.08"]
[Time "20:01:36"]
[TimeControl "420+2"]

1. d4 d5 2. e3 Nf6 3. Bd3 c5 4. c3 Nc6 5. f4 Bg4 6. Nf3 e6 7. Nbd2 Bd6 8. h3
Bh5 9. g4 Bg6 10. Bxg6 hxg6 11. Qe2 Qc7 12. Ne5 Bxe5 13. fxe5 Nd7 14. O-O
Rxh3 15. Rxf7 O-O-O 16. Nf3 Rdh8 17. Rxg7 Qd8 18. e4 dxe4 19. Qxe4 Qf8 20.
Rxd7 Rxf3 21. Rd6 Rf1+ {White resigns} 0-1

[Event "ICC tourney 2062 (7 2)"]
[Site "Internet Chess Club"]
[Date "2020.10.16"]
[Round "1"]
[White "importantheart"]
[Black "Jeffchess"]
[Result "1-0"]
[ICCResult "Black resigns"]
[WhiteElo "1543"]
[BlackElo "1427"]
[Opening "Sicilian defense"]
[ECO "B40"]
[NIC "SI.43"]
[Time "20:01:41"]
[TimeControl "420+2"]

1. e4 c5 2. Nf3 e6 3. c3 a6 4. d4 Nf6 5. Bd3 d5 6. exd5 Nxd5 7. O-O Nc6 8.
Nbd2 Nf4 9. Ne4 Nxd3 10. Qxd3 cxd4 11. cxd4 Bc5 12. Nxc5 O-O 13. Be3 e5 14.
dxe5 Qe7 15. Qc3 Bg4 16. Nd2 Nxe5 17. Nxb7 Rfc8 18. Nc5 Nd7 19. Ndb3 Be6 20.
Qd4 Nxc5 21. Nxc5 Rd8 22. Qe5 Rd5 23. Qe4 Rad8 24. Nxa6 Qb7 25. Nc5 Qc6 26.
Nxe6 fxe6 27. Rad1 Qb5 28. Rxd5 exd5 29. Qe6+ Kh8 30. Bd4 Re8 31. Qf7 Rg8
32. Rc1 Qa4 33. Qxd5 h6 34. h3 Qe8 35. Rc6 Kh7 36. Qf5+ g6 37. Rc7+
{Black resigns}
1-0

[Event "ICC tourney 2062 (7 2)"]
[Site "Internet Chess Club"]
[Date "2020.10.16"]
[Round "1"]
[White "shrey16ultimate"]
[Black "kushagra12"]
[Result "1-0"]
[ICCResult "Black forfeits on time"]
[WhiteElo "1396"]
[BlackElo "1346"]
[Opening "Queen's pawn: London system"]
[ECO "A45"]
[NIC "QP.07"]
[Time "20:01:38"]
[TimeControl "420+2"]

1. d4 Nf6 2. Bf4 d6 3. e3 Bf5 4. Nf3 Nc6 5. Bb5 Bd7 6. c4 a6 7. Ba4 Na7 8.
Bxd7+ Qxd7 9. h3 g6 10. Nc3 Bg7 11. O-O O-O 12. Re1 Rfe8 13. Rc1 h6 14. e4
Nh5 15. Bh2 Qc6 16. b3 e6 17. Qd2 e5 18. dxe5 dxe5 19. Nd5 Rad8 20. Qb2 Nf4
21. Bxf4 exf4 22. e5 g5 23. Qc2 Nc8 24. Rcd1 Nb6 25. Ne7+ Rxe7 26. Rxd8+ Bf8
27. Red1 a5 28. R8d2 a4 29. Re1 axb3 30. axb3 Nd7 31. Nd4
{Black forfeits on time}
1-0

[Event "ICC tourney 2062 (7 2)"]
[Site "Internet Chess Club"]
[Date "2020.10.16"]
[Round "1"]
[White "stephenwilly"]
[Black "shanmukha123"]
[Result "1-0"]
[ICCResult "Black forfeits on time"]
[WhiteElo "1544"]
[BlackElo "1609"]
[Opening "Caro-Kann: anti-anti-Caro-Kann defense"]
[ECO "B10"]
[NIC "CK.01"]
[Time "20:01:39"]
[TimeControl "420+2"]

1. e4 c6 2. c4 d5 3. cxd5 cxd5 4. exd5 Qxd5 5. Nc3 Qd8 6. Bc4 Nf6 7. d4 e6
8. Nf3 Be7 9. Bf4 O-O 10. O-O Nc6 11. Re1 a6 12. Bd3 b5 13. a3 Bb7 14. Rc1
Rc8 15. Be5 Nd7 16. Qc2 g6 17. Bg3 Bf6 18. Be5 Be7 19. Qb1 Ncxe5 20. Nxe5
Nxe5 21. dxe5 Qd4 22. Be4 Bxe4 23. Rxe4 Qb6 24. b4 Rfd8 25. h3 Rd2 26. Nd1
Rcd8 27. Ne3 Bg5 28. Qb3 Re2 29. Rd1 Rdd2 30. Rxd2 Rxd2 31. Qc3 Qd8 32. Ng4
h5 33. Nf6+ Bxf6 34. exf6 Rd3 35. Qe5 Rd5 36. Qg3 Qxf6 37. Re3 Rd1+ 38. Kh2
Qa1 39. Qb8+ Kh7 40. Rf3 Rh1+ 41. Kg3 Qg7 42. Qc7 Ra1 43. Rxf7 Rxa3+ 44. Kh2
{Black forfeits on time}
1-0

[Event "ICC tourney 2062 (7 2)"]
[Site "Internet Chess Club"]
[Date "2020.10.16"]
[Round "1"]
[White "advite"]
[Black "BobbyFissure"]
[Result "1-0"]
[ICCResult "Black resigns"]
[WhiteElo "1761"]
[BlackElo "1389"]
[Opening "Alekhine's defense: four pawns attack, fianchetto variation"]
[ECO "B02"]
[NIC "AL.07"]
[Time "20:01:42"]
[TimeControl "420+2"]

1. e4 Nf6 2. e5 Nd5 3. c4 Nb6 4. d4 d6 5. f4 g6 6. Nf3 Bg4 7. Be2 Bg7 8. h3
Bxf3 9. Bxf3 c6 10. b3 O-O 11. O-O N8d7 12. Nc3 dxe5 13. fxe5 f5 14. Bf4 e6
15. Qd2 a5 16. Rfe1 a4 17. d5 axb3 18. dxe6 Nxc4 19. Qxd7 Qb6+ 20. Kh1 b2
21. Rad1 Rfd8 22. Qf7+ Kh8 23. e7 Rg8 24. Qxc4 h6 25. Qb3 Qc7 26. Qxb2 Qxe7
27. Qb3 g5 28. Bh2 f4 29. Rd2 Bxe5 30. Rde2 Rae8 31. Rxe5 Qxe5 32. Rxe5 Rxe5
33. Qb2 Kh7 34. Ne4 Rge8 35. Nf6+ Kg6 36. Nxe8 Rxe8 37. Bg1 Re1 38. Qc2+ Kf6
39. Qc3+ Kg6 40. Qxe1 {Black resigns} 1-0

[Event "ICC tourney 2062 (7 2)"]
[Site "Internet Chess Club"]
[Date "2020.10.16"]
[Round "2"]
[White "Sirichess"]
[Black "stephenwilly"]
[Result "0-1"]
[ICCResult "White checkmated"]
[WhiteElo "1347"]
[BlackElo "1545"]
[Opening "Four knights: Italian variation"]
[ECO "C47"]
[NIC "VG.04"]
[Time "20:21:05"]
[TimeControl "420+2"]

1. e4 e5 2. Nc3 Nf6 3. Nf3 Nc6 4. Bc4 Nxe4 5. Nxe4 d5 6. Bxd5 Qxd5 7. Nc3
Qd8 8. O-O Bd6 9. d3 Bg4 10. h3 Bh5 11. Re1 O-O 12. Qe2 Nd4 13. Qd1 Bxf3 14.
gxf3 Qf6 15. Re3 c6 16. Ne4 Qg6+ 17. Kh1 Be7 18. c3 Ne6 19. Re1 Qh5 20. Rg1
Qxh3# {White checkmated} 0-1

[Event "ICC tourney 2062 (7 2)"]
[Site "Internet Chess Club"]
[Date "2020.10.16"]
[Round "2"]
[White "shanmukha123"]
[Black "oxdidi"]
[Result "1-0"]
[ICCResult "Black resigns"]
[WhiteElo "1604"]
[BlackElo "1131"]
[Opening "King's Indian: London system"]
[ECO "A48"]
[NIC "QP.03"]
[Time "20:21:10"]
[TimeControl "420+2"]

1. d4 Nf6 2. Nf3 g6 3. Bf4 Bg7 4. e3 d6 5. c4 O-O 6. Nc3 Nbd7 7. h3 b6 8.
Be2 Bb7 9. O-O Re8 10. d5 c6 11. e4 cxd5 12. exd5 Qc7 13. Rc1 Nh5 14. Bh2
Bh6 15. Rc2 Nhf6 16. Nd4 e5 17. dxe6 Rxe6 18. Ndb5 Qd8 19. Bxd6 Rc8 20. Bg3
Qe7 21. Bf3 Bxf3 22. Qxf3 Ne5 23. Bxe5 Rxe5 24. Rd1 Rxc4 25. Nd5 Nxd5 26.
Rxc4 Re1+ 27. Rxe1 Qxe1+ 28. Kh2 Qe5+ 29. g3 Ne7 30. Nc3 Bd2 31. Re4 Qd6 32.
Qe2 Bxc3 33. bxc3 Nd5 34. Rd4 Nxc3 35. Qe8+ Qf8 36. Qe3 Nb5 37. Rd7 Qc8 38.
Qe7 Qf8 39. Rd8 Kg7 40. Qxf8+ {Black resigns} 1-0

[Event "ICC tourney 2062 (7 2)"]
[Site "Internet Chess Club"]
[Date "2020.10.16"]
[Round "2"]
[White "saikanth"]
[Black "chessrex"]
[Result "1/2-1/2"]
[ICCResult "Game drawn by mutual agreement"]
[WhiteElo "1538"]
[BlackElo "1836"]
[Opening "Queen's pawn: Charlick (Englund) gambit"]
[ECO "A40"]
[NIC "QO.17"]
[Time "20:22:07"]
[TimeControl "420+2"]

1. d4 e5 2. dxe5 Nc6 3. Nf3 Nge7 4. Bf4 Ng6 5. Bg3 Qe7 6. Nbd2 Ncxe5 7. e3
d6 8. Be2 Nxf3+ 9. Nxf3 Ne5 10. O-O g6 11. c3 Bg7 12. Nxe5 dxe5 13. Qb3 O-O
14. Rad1 c6 15. a4 Be6 16. Bc4 Bxc4 17. Qxc4 Rfd8 18. h3 Kh8 19. a5 a6 20.
Bh4 Bf6 21. Bxf6+ Qxf6 22. Qc5 Qe6 23. Qb6 Rxd1 24. Rxd1 Qe7 25. b4 Kg7 26.
Rd2 Rc8 27. e4 Rc7 28. Qe3 Rd7 29. Kf1 Qd8 30. Ke2 Rxd2+ 31. Qxd2 Qxd2+ 32.
Kxd2 Kf6 33. Kd3 Ke6 34. c4 Kd6 35. c5+ Ke6 36. Ke3 f6 37. Kd3 h6 38. Ke3 h5
39. h4 g5 40. g3 g4 41. f3 f5 42. fxg4 fxg4 43. Kd3 Ke7 44. Ke3 Ke6 45. Kd3
Ke7 46. Kc4 Ke6 47. Kd3 Ke7 48. Kc4 Ke6 {Game drawn by mutual agreement}
1/2-1/2

[Event "ICC tourney 2062 (7 2)"]
[Site "Internet Chess Club"]
[Date "2020.10.16"]
[Round "2"]
[White "Jeffchess"]
[Black "kushagra12"]
[Result "0-1"]
[ICCResult "White checkmated"]
[WhiteElo "1407"]
[BlackElo "1366"]
[Opening "Sicilian: closed"]
[ECO "B23"]
[NIC "SI.44"]
[Time "20:21:22"]
[TimeControl "420+2"]

1. e4 c5 2. Nc3 e6 3. Nf3 d5 4. exd5 exd5 5. Bb5+ Bd7 6. Qe2+ Be7 7. Nxd5
Bxb5 8. Qxb5+ Nc6 9. Qxb7 Nd4 10. Nxd4 cxd4 11. O-O Rb8 12. Nc7+ Kf8 13.
Qxa7 Bd6 14. Nd5 Ra8 15. Qxd4 Nf6 16. Nxf6 Bxh2+ 17. Kxh2 Qxd4 18. Nh5 Qh4+
19. Kg1 Qxh5 20. d3 Ra4 21. Be3 Rh4 22. f3 Rh1+ 23. Kf2 Qh4+ 24. Ke2 Rh2 25.
Rg1 Qg3 26. Rae1 Rxg2+ 27. Kd1 Qxf3+ 28. Kc1 f6 29. Bc5+ Kf7 30. Rgf1 Qg3
31. b4 Re8 32. Rxe8 Kxe8 33. a4 Qh2 34. Re1+ Kf7 35. Re7+ Kg6 36. Bd4 Rxc2+
37. Kb1 Rg2 38. Re1 Qg3 39. Rd1 Qb8 40. Bc5 Qa8 41. a5 Qd5 42. Rg1 Rxg1+ 43.
Bxg1 Qxd3+ 44. Ka2 Qc4+ 45. Ka3 Qc3+ 46. Ka4 Qa1+ 47. Kb5 Qxg1 48. a6 Qf1+
49. Kb6 Qf2+ 50. Kb7 Qb2 51. a7 Qxb4+ 52. Ka8 Qf8+ 53. Kb7 f5 54. a8=N Qxa8+
55. Kxa8 f4 56. Kb7 f3 57. Kc6 f2 58. Kd5 f1=Q 59. Ke4 Kg5 60. Ke3 Kg4 61.
Kd4 Kf4 62. Kc3 Qd1 63. Kb2 Qd3 64. Kc1 Ke3 65. Kb2 Qc4 66. Ka3 Qb5 67. Ka2
Kd2 68. Ka1 Kc2 69. Ka2 Qb2# {White checkmated} 0-1

[Event "ICC tourney 2062 (7 2)"]
[Site "Internet Chess Club"]
[Date "2020.10.16"]
[Round "2"]
[White "vrashank"]
[Black "importantheart"]
[Result "1-0"]
[ICCResult "Black resigns"]
[WhiteElo "1738"]
[BlackElo "1497"]
[Opening "Queen's pawn, Mason variation"]
[ECO "D00"]
[NIC "QP.08"]
[Time "20:21:28"]
[TimeControl "420+2"]

1. d4 d5 2. Bf4 Nf6 3. e3 c6 4. Nf3 Bf5 5. Ne5 Nbd7 6. g4 Bg6 7. h4 h6 8.
Nxg6 fxg6 9. Bd3 Kf7 10. Qf3 e6 11. Nd2 Be7 12. O-O-O c5 13. c3 c4 14. Bc2
b5 15. g5 b4 16. gxf6 Bxf6 17. Rdg1 g5 18. hxg5 hxg5 19. Bxg5 Qa5 20. e4
Rxh1 21. Rxh1 Ke7 22. Bxf6+ Nxf6 23. e5 Nd7 24. Rh7 Rb8 25. Rxg7+ Kd8 26.
Qf7 Rb7 27. Qxe6 {Black resigns} 1-0

[Event "ICC tourney 2062 (7 2)"]
[Site "Internet Chess Club"]
[Date "2020.10.16"]
[Round "2"]
[White "BobbyFissure"]
[Black "wildrumpus"]
[Result "1-0"]
[ICCResult "Black resigns"]
[WhiteElo "1404"]
[BlackElo "1362"]
[Opening "Bird's opening"]
[ECO "A02"]
[NIC "VO.07"]
[Time "20:21:06"]
[TimeControl "420+2"]

1. f4 b6 2. Nf3 Bb7 3. e3 d5 4. b3 Nf6 5. Bb2 e6 6. Be2 Be7 7. O-O O-O 8. c4
c5 9. d4 Nc6 10. h3 Qd7 11. Ne5 Nxe5 12. fxe5 Ne4 13. Qe1 f5 14. Nd2 Rf7 15.
Rd1 Raf8 16. cxd5 Bxd5 17. Bh5 g6 18. Nxe4 Bxe4 19. Qg3 Rg7 20. Be2 Qc6 21.
Rd2 b5 22. Rc1 h5 23. dxc5 Bxc5 24. b4 h4 25. Qf2 Bxg2 26. Rxc5 Qa6 27. Qxg2
Qxa2 28. Bc3 Qb1+ 29. Rd1 Qa2 30. Bxb5 f4 31. Qxa2 {Black resigns} 1-0

[Event "ICC tourney 2062 (7 2)"]
[Site "Internet Chess Club"]
[Date "2020.10.16"]
[Round "2"]
[White "shrey16ultimate"]
[Black "advite"]
[Result "0-1"]
[ICCResult "White checkmated"]
[WhiteElo "1393"]
[BlackElo "1764"]
[Opening "Queen's pawn: London system"]
[ECO "A45"]
[NIC "QP.07"]
[Time "20:21:06"]
[TimeControl "420+2"]

1. d4 Nf6 2. Bf4 e6 3. e3 d5 4. c4 Bb4+ 5. Nc3 O-O 6. a3 Bxc3+ 7. bxc3 Ne4
8. Qc2 Nd7 9. Bd3 f5 10. cxd5 exd5 11. c4 c6 12. cxd5 Qa5+ 13. Ke2 Nc3+ 14.
Kf1 Nxd5 15. Bg3 N7f6 16. Ne2 Be6 17. Qb2 Rf7 18. Nf4 Nxf4 19. Bxf4 Nd5 20.
g3 Rc8 21. Kg2 Nf6 22. Rhc1 Bd5+ 23. Kg1 Nh5 24. Bd6 Qd8 25. Qe2 Qxd6 26.
Qxh5 g6 27. Qe2 c5 28. dxc5 Rxc5 29. Rxc5 Qxc5 30. Qc2 Rc7 31. Rc1 Qxc2 32.
Rxc2 Rxc2 33. Bxc2 Kf7 34. Kf1 Ke7 35. Ke2 Kd6 36. Kd3 Be4+ 37. Kc3 Bxc2 38.
Kxc2 Kd5 39. Kd3 b5 40. f3 a5 41. Kc3 Kc5 42. h4 h5 43. Kb3 b4 44. axb4+
axb4 45. e4 fxe4 46. fxe4 Kd4 47. Kxb4 Kxe4 48. Kc5 Kf3 49. Kd4 Kxg3 50. Ke5
Kxh4 51. Kf6 g5 52. Kf5 g4 53. Kf4 g3 54. Ke5 g2 55. Kf5 g1=Q 56. Ke4 Qf2
57. Kd3 Qe1 58. Kc4 Qd2 59. Kc5 Qd3 60. Kc6 Qd4 61. Kc7 Qd5 62. Kb6 Qc4 63.
Kb7 Qc5 64. Kb8 Qe7 65. Ka8 Qd7 66. Kb8 Kg5 67. Ka8 Kf5 68. Kb8 Ke5 69. Ka8
Kd5 70. Kb8 Kc6 71. Ka8 Qb7# {White checkmated} 0-1

[Event "ICC tourney 2062 (7 2)"]
[Site "Internet Chess Club"]
[Date "2020.10.16"]
[Round "3"]
[White "wildrumpus"]
[Black "Jeffchess"]
[Result "1-0"]
[ICCResult "Black checkmated"]
[WhiteElo "1380"]
[BlackElo "1389"]
[Opening "Queen's pawn"]
[ECO "A40"]
[NIC "QO.17"]
[Time "20:40:21"]
[TimeControl "420+2"]

1. d4 c6 2. e3 d5 3. Bd3 Nd7 4. f4 Nh6 5. Nf3 e6 6. O-O Nf6 7. Nbd2 c5 8. c3
c4 9. Bc2 Bd6 10. Ne5 O-O 11. g4 Bxe5 12. g5 Nfg4 13. gxh6 Nxe3 14. Qf3 Nxc2
15. fxe5 Nxa1 16. hxg7 Qg5+ 17. Kh1 Qxg7 18. Rg1 Qxg1+ 19. Kxg1 Bd7 20. Qf6
Rfc8 21. Nf3 Kf8 22. Bg5 Nc2 23. Qh8# {Black checkmated} 1-0

[Event "ICC tourney 2062 (7 2)"]
[Site "Internet Chess Club"]
[Date "2020.10.16"]
[Round "3"]
[White "kushagra12"]
[Black "Sirichess"]
[Result "0-1"]
[ICCResult "White checkmated"]
[WhiteElo "1363"]
[BlackElo "1431"]
[Opening "Scotch gambit"]
[ECO "C44"]
[NIC "SO.06"]
[Time "20:40:25"]
[TimeControl "420+2"]

1. e4 e5 2. Nf3 Nc6 3. d4 exd4 4. Bc4 h6 5. Nxd4 Qf6 6. Nxc6 Qxc6 7. Bd5 Qf6
8. O-O Bc5 9. e5 Qg6 10. Be3 Bxe3 11. fxe3 f6 12. Bf3 Kd8 13. Bh5 Qg5 14.
Qf3 Qxe5 15. Nc3 Ne7 16. Qg4 Qg5 17. Qf3 d6 18. h3 Nc6 19. Bg4 Ne5 20. Qg3
Nxg4 21. hxg4 Qxg4 22. Qf2 Bd7 23. Nd5 Bc6 24. Nxf6 gxf6 25. Qxf6+ Kd7 26.
Qf7+ Kc8 27. Rf2 b6 28. Qf6 Kb7 29. Raf1 Rhg8 30. Qc3 Bxg2 31. Rc1 Bf3+ 32.
Kf1 Qg1# {White checkmated} 0-1

[Event "ICC tourney 2062 (7 2)"]
[Site "Internet Chess Club"]
[Date "2020.10.16"]
[Round "3"]
[White "DrKnight01"]
[Black "shrey16ultimate"]
[Result "0-1"]
[ICCResult "White checkmated"]
[WhiteElo "1241"]
[BlackElo "1403"]
[Opening "Caro-Kann: advance variation"]
[ECO "B12"]
[NIC "CK.04"]
[Time "20:40:19"]
[TimeControl "420+2"]

1. e4 c6 2. d4 d5 3. e5 Bf5 4. Nf3 e6 5. Bd3 Bxd3 6. Qxd3 Ne7 7. Nc3 Nd7 8.
Bg5 h6 9. Bxe7 Bxe7 10. O-O O-O 11. Kh1 c5 12. Ne2 cxd4 13. Qxd4 Bc5 14. Qg4
Qc7 15. Rae1 Nxe5 16. Nxe5 Qxe5 17. Ng3 Qg5 18. Qh3 Rac8 19. f4 Qe7 20. f5
Qd6 21. f6 Bd4 22. Nh5 g6 23. Nf4 Kh7 24. g4 Bxf6 25. Nh5 Bg7 26. Nf6+ Bxf6
27. Rxf6 Kg7 28. Ref1 Rxc2 29. Qd3 Qxh2# {White checkmated} 0-1

[Event "ICC tourney 2062 (7 2)"]
[Site "Internet Chess Club"]
[Date "2020.10.16"]
[Round "3"]
[White "chessrex"]
[Black "shanmukha123"]
[Result "0-1"]
[ICCResult "White checkmated"]
[WhiteElo "1818"]
[BlackElo "1644"]
[Opening "Caro-Kann defense"]
[ECO "B15"]
[NIC "CK.05"]
[Time "20:40:16"]
[TimeControl "420+2"]

1. d4 c6 2. e4 d5 3. Nc3 dxe4 4. Bc4 Bf5 5. f3 exf3 6. Nxf3 e6 7. O-O Nf6 8.
Ne5 Bg6 9. g4 Nbd7 10. Nxg6 hxg6 11. g5 Nd5 12. Qf3 f5 13. Re1 Be7 14. Rxe6
Nf8 15. Re1 Qd6 16. Re2 Nc7 17. Qe3 O-O-O 18. Qe5 Qd7 19. Qxe7 Qxd4+ 20. Be3
Qxc4 21. Qxg7 Rh7 22. Qe5 Re8 23. Qd4 Qxd4 24. Bxd4 Rxe2 25. Nxe2 b6 26. Nf4
Nfe6 27. Nxe6 Nxe6 28. Bf6 Rh5 29. Rd1 Nxg5 30. Rd8+ Kb7 31. Rg8 Nf3+ 32.
Kg2 Nxh2 33. Rxg6 Ng4 34. Bd4 Rh2+ 35. Kf3 Rxc2 36. Kf4 Rc4 37. Kxf5 Rxd4
38. Rxg4 Rxg4 39. Kxg4 c5 40. Kf4 Kc6 41. Ke5 b5 42. Ke4 Kd6 43. Kd3 Kd5 44.
Kc3 a5 45. Kd3 c4+ 46. Kc3 b4+ 47. Kc2 Kd4 48. Kd2 a4 49. Kc2 Ke3 50. b3
cxb3+ 51. axb3 a3 52. Kb1 Kd3 53. Ka1 Kc3 54. Ka2 Kc2 55. Ka1 Kxb3 56. Kb1
Kc3 57. Ka1 b3 58. Kb1 b2 59. Ka2 Kc2 60. Kxa3 b1=Q 61. Ka4 Qb6 62. Ka3 Qb3#
{White checkmated}
0-1

[Event "ICC tourney 2062 (7 2)"]
[Site "Internet Chess Club"]
[Date "2020.10.16"]
[Round "3"]
[White "stephenwilly"]
[Black "saikanth"]
[Result "0-1"]
[ICCResult "White checkmated"]
[WhiteElo "1533"]
[BlackElo "1563"]
[Opening "Caro-Kann: anti-Caro-Kann defense"]
[ECO "B10"]
[NIC "CK.01"]
[Time "20:43:11"]
[TimeControl "420+2"]

1. e4 c6 2. c4 d6 3. d4 Qc7 4. Nc3 e5 5. dxe5 dxe5 6. Nf3 Bg4 7. Be3 Nd7 8.
Be2 Ngf6 9. O-O Bc5 10. h3 Bh5 11. Qc2 Bxe3 12. fxe3 Bg6 13. Bd3 Nc5 14. a3
Nxd3 15. Qxd3 Rd8 16. Qc2 Qb6 17. Rae1 Qc7 18. Nh4 O-O 19. Nf5 Rd7 20. Qf2
Rfd8 21. Qf3 a5 22. Ng3 Rd2 23. Rd1 Rxb2 24. Rxd8+ Qxd8 25. Rd1 Rd2 26. Kh2
Rxd1 27. Nxd1 Qd3 28. Nf2 Qxc4 29. Qd1 h6 30. Nf5 Bxf5 31. exf5 Qd5 32. Qb1
b5 33. Nd3 Qd6 34. Qb3 e4+ 35. Nf4 Nh5 36. g3 Qd2+ 37. Ng2 a4 38. Qb1 Nf6
39. g4 Qd6+ 40. Nf4 g5 41. fxg6 fxg6 42. Qa2+ Kg7 43. Kg2 Nd5 44. Qb2+ Kh7
45. Qf2 Nxf4+ 46. exf4 Qe7 47. f5 e3 48. fxg6+ Kxg6 49. Qf5+ Kg7 50. Kf1 Qf6
51. Ke2 Qxf5 52. gxf5 b4 53. axb4 a3 54. Kxe3 a2 55. f6+ Kxf6 56. b5 cxb5
57. h4 a1=Q 58. h5 Qe5+ 59. Kd3 Qc5 60. Ke4 b4 61. Kf3 b3 62. Ke4 b2 63. Kd3
b1=Q+ 64. Ke2 Qcc2+ 65. Ke3 Qb4 66. Kf3 Qcc3+ 67. Ke2 Qbb2+ 68. Kd1 Qcc1#
{White checkmated}
0-1

[Event "ICC tourney 2062 (7 2)"]
[Site "Internet Chess Club"]
[Date "2020.10.16"]
[Round "3"]
[White "advite"]
[Black "vrashank"]
[Result "1-0"]
[ICCResult "Black checkmated"]
[WhiteElo "1775"]
[BlackElo "1715"]
[Opening "French: Chigorin variation"]
[ECO "C00"]
[NIC "FR.01"]
[Time "20:40:15"]
[TimeControl "420+2"]

1. e4 e6 2. Qe2 b6 3. Nc3 Bb7 4. d4 c5 5. d5 e5 6. f4 d6 7. Nf3 Nd7 8. g3 g6
9. Bh3 a6 10. Bxd7+ Qxd7 11. fxe5 dxe5 12. Nxe5 Qc7 13. Nc4 b5 14. Bf4 Qd8
15. Ne5 Bg7 16. Nxb5 Nf6 17. Nxf7 Kxf7 18. Nd6+ Kg8 19. Nxb7 Qb6 20. Nd6 h6
21. O-O Kh7 22. Nc4 Qd8 23. Rad1 Re8 24. Be5 Nd7 25. Bxg7 Kxg7 26. e5 Qe7
27. e6 Nf6 28. Qf3 Rad8 29. Rfe1 Qb7 30. Rf1 Rf8 31. Ne3 Nh7 32. Qg2 Nf6 33.
c4 Qc7 34. Qf2 Qe5 35. Qd2 Ne4 36. Qe1 Qxb2 37. e7 Rxf1+ 38. Qxf1 Re8 39. d6
Qe5 40. d7 Rxe7 41. d8=Q Ng5 42. Qff8+ Kh7 43. Qg8# {Black checkmated} 1-0

[Event "ICC tourney 2062 (7 2)"]
[Site "Internet Chess Club"]
[Date "2020.10.16"]
[Round "3"]
[White "importantheart"]
[Black "BobbyFissure"]
[Result "1-0"]
[ICCResult "Black forfeits on time"]
[WhiteElo "1558"]
[BlackElo "1402"]
[Opening "French: advance, Paulsen attack"]
[ECO "C02"]
[NIC "FR.03"]
[Time "20:40:16"]
[TimeControl "420+2"]

1. e4 e6 2. d4 d5 3. e5 c5 4. c3 Nc6 5. Nf3 Qb6 6. a3 cxd4 7. cxd4 Nge7 8.
Nc3 Bd7 9. Na4 Qc7 10. Bd3 g6 11. O-O Bg7 12. Be3 O-O 13. Qd2 Nxd4 14. Bxd4
Bxa4 15. Qb4 Bc6 16. Rac1 a5 17. Qd2 Qd7 18. Rfe1 Rfb8 19. Rc5 b5 20. Rec1
Rc8 21. h3 Nf5 22. Bxf5 exf5 23. Qc3 Bb7 24. Rc7 Rxc7 25. Qxc7 Qxc7 26. Rxc7
Ba6 27. Rd7 b4 28. Rxd5 bxa3 29. Rxa5 axb2 30. Bxb2 h6 31. Nd2 Bb7 32. Rb5
Bc6 33. Rc5 Ra2 34. Bc3 Bd7 35. Nb3 g5 36. Nd4 f4 37. Rc7 Ba4 38. Nf5 Bb3
39. Nxg7 Kxg7 40. e6+ Kg6 41. e7 Ra8 42. Rd7 Re8 43. Bb4
{Black forfeits on time}
1-0

[Event "ICC tourney 2062 (7 2)"]
[Site "Internet Chess Club"]
[Date "2020.10.16"]
[Round "4"]
[White "chessrex"]
[Black "stephenwilly"]
[Result "1-0"]
[ICCResult "Black resigns"]
[WhiteElo "1823"]
[BlackElo "1528"]
[Opening "Old Benoni defense"]
[ECO "A43"]
[NIC "OI.09"]
[Time "21:00:29"]
[TimeControl "420+2"]

1. d4 c5 2. Nf3 cxd4 3. b4 e6 4. a3 Nf6 5. Nxd4 d5 6. e3 e5 7. Nf3 Bd6 8.
Bb2 Bg4 9. Be2 Nbd7 10. Nbd2 O-O 11. c4 Be6 12. cxd5 Bxd5 13. Nc4 Nb6 14.
Nxd6 Qxd6 15. Bxe5 Qe6 16. Bxf6 Qxf6 17. O-O Rad8 18. Nd4 Rfe8 19. Bf3 Qg6
20. Bxd5 Nxd5 21. Qf3 b6 22. Rac1 Nf6 23. Rc6 Re4 24. Nf5 h6 25. Qxe4 Nxe4
26. Ne7+ Kh7 27. Nxg6 fxg6 28. Rc7 Nd2 29. Rfc1 Nb3 30. Re1 a5 31. bxa5 bxa5
32. e4 Nd2 33. e5 Nb3 34. e6 Nd4 35. e7 Re8 36. Rd7 Nc6 37. Rc7 Nd8 38. Rc8
Rxe7 39. Rxe7 {Black resigns} 1-0

[Event "ICC tourney 2062 (7 2)"]
[Site "Internet Chess Club"]
[Date "2020.10.16"]
[Round "4"]
[White "Sirichess"]
[Black "DrKnight01"]
[Result "1-0"]
[ICCResult "Black checkmated"]
[WhiteElo "1466"]
[BlackElo "1239"]
[Opening "Caro-Kann defense"]
[ECO "B10"]
[NIC "CK.01"]
[Time "21:00:25"]
[TimeControl "420+2"]

1. e4 c6 2. Nf3 d5 3. exd5 cxd5 4. d4 Bg4 5. Be2 Bxf3 6. Bxf3 Nf6 7. Be3 Nc6
8. O-O e6 9. Nc3 Bd6 10. h3 Qc7 11. Qd2 h6 12. Nb5 Qd7 13. Nxd6+ Qxd6 14. c3
g5 15. Qe2 O-O-O 16. Rfe1 Rdg8 17. Qd2 g4 18. Bf4 Qd7 19. hxg4 Nxg4 20. Bxg4
Rxg4 21. Qe3 h5 22. Kf1 Rhg8 23. g3 Ne7 24. Qe5 h4 25. Qb8# {Black
checkmated} 1-0

[Event "ICC tourney 2062 (7 2)"]
[Site "Internet Chess Club"]
[Date "2020.10.16"]
[Round "4"]
[White "BobbyFissure"]
[Black "kushagra12"]
[Result "1-0"]
[ICCResult "Black checkmated"]
[WhiteElo "1416"]
[BlackElo "1349"]
[Opening "French: Labourdonnais variation"]
[ECO "A02"]
[NIC "VO.07"]
[Time "21:00:24"]
[TimeControl "420+2"]

1. f4 e6 2. e4 Bc5 3. d4 Bb6 4. Nf3 Nf6 5. Nbd2 d5 6. e5 Nfd7 7. Bd3 c5 8.
c3 c4 9. Bc2 O-O 10. b3 cxb3 11. axb3 Nc6 12. Ba3 Re8 13. O-O h6 14. Bb2 f6
15. c4 fxe5 16. fxe5 Ndxe5 17. c5 Nxf3+ 18. Qxf3 Bc7 19. Qd3 Bxh2+ 20. Kxh2
Qh4+ 21. Kg1 e5 22. Qh7# {Black checkmated} 1-0